[Event "71 Mistrzostwa KPZSZACH Torun 2018"]
[Site "?"]
[Date "2018.08.15"]
[Round "4"]
[White "Zielinski, Olgierd"]
[Black "Zolnierowicz, Krzysztof"]
[Result "0-1"]
[ECO "B01"]
[WhiteElo "1867"]
[BlackElo "2023"]
[PlyCount "66"]
[TimeControl "240+2"]

{600MB, Shredder10.ctg} 1. e4 d5 2. exd5 Nf6 3. d4 Nxd5 4. Nf3 g6 5. c4 Nb6 6.
Nc3 Bg7 7. c5 N6d7 8. Bc4 O-O 9. O-O b6 10. Be3 Bb7 11. Rc1 h6 12. b4 a5 13. b5
c6 14. a4 e6 15. Qe2 bxc5 16. dxc5 Qe7 17. bxc6 Bxc6 18. Bb5 Rc8 19. Nb1 Bd5
20. Qc2 Nc6 21. Nc3 Bxf3 22. gxf3 Nb4 23. Qe4 Nxc5 24. Bxc5 Qxc5 25. Ne2 Qb6
26. Nf4 g5 27. Bd7 Rd8 28. Nxe6 fxe6 29. Bxe6+ Kh8 30. Bc4 Re8 31. Qg4 Rad8 32.
h4 Qf6 33. Qh5 gxh4 0-1

[Event "71 Mistrzostwa KPZSZACH Torun 2018"]
[Site "?"]
[Date "2018.08.15"]
[Round "4"]
[White "Wielosz, Jaroslaw"]
[Black "Cichocki, Konrad"]
[Result "1-0"]
[ECO "E04"]
[WhiteElo "2025"]
[BlackElo "1829"]
[PlyCount "75"]
[TimeControl "240+2"]

{600MB, Shredder10.ctg} 1. d4 Nf6 2. c4 e6 3. Nf3 d5 4. g3 dxc4 5. Bg2 Bd7 6.
Ne5 Bc6 7. Nxc6 Nxc6 8. e3 Be7 9. Nd2 O-O 10. Nxc4 Nd7 11. O-O Nb6 12. Qe2 Bf6
13. Rd1 Qd7 14. Bd2 Rfd8 15. a3 Rab8 16. Be1 Nxc4 17. Qxc4 Ne7 18. Rac1 c6 19.
b4 Rbc8 20. Qe2 h6 21. h4 Kh8 22. Bc3 Kg8 23. e4 g6 24. h5 g5 25. Kh2 Bg7 26.
f4 f5 27. fxg5 hxg5 28. h6 Bxh6 29. Qh5 Bg7 30. Qxg5 Kf7 31. Kg1 Rh8 32. exf5
exf5 33. d5 Bxc3 34. Rxc3 cxd5 35. Rxc8 Rxc8 36. Bf3 Ke8 37. Qf6 Kd8 38. Rxd5
1-0

[Event "71 Mistrzostwa KPZSZACH Torun 2018"]
[Site "?"]
[Date "2018.08.15"]
[Round "4"]
[White "Blajet, Radoslaw"]
[Black "Bartosik, Piotr"]
[Result "1-0"]
[ECO "B21"]
[WhiteElo "1708"]
[BlackElo "1899"]
[PlyCount "115"]
[TimeControl "240+2"]

{600MB, Shredder10.ctg} 1. e4 c5 2. d4 cxd4 3. c3 dxc3 4. Nxc3 Nc6 5. Nf3 d6 6.
Bc4 e6 7. O-O Be7 8. Qe2 a6 9. a4 Nf6 10. Rd1 Qa5 11. Bf4 e5 12. Bg5 Be6 13.
Bxf6 gxf6 14. Rab1 Rc8 15. Bxe6 fxe6 16. Qc4 Kf7 17. b4 Nxb4 18. Qb3 Rhd8 19.
Nh4 d5 20. exd5 Nxd5 21. Nxd5 Rxd5 22. Qf3 Rxd1+ 23. Qxd1 e4 24. g3 Qc5 25. Ng2
b5 26. Qe2 b4 27. Qxa6 Qc2 28. Rf1 b3 29. Ne3 Qc5 30. Qb7 b2 31. Qxb2 f5 32.
Rd1 f4 33. Ng4 fxg3 34. hxg3 Qc2 35. Ne5+ Kg8 36. Qxc2 Rxc2 37. Re1 Bc5 38. Ng4
e3 39. Nxe3 Ra2 40. Ng4 Rxa4 41. Nh6+ Kg7 42. Rxe6 Ra2 43. Ng4 h5 44. Ne3 Kf7
45. Re5 Bxe3 46. Rxe3 Kf6 47. Kg2 Ra6 48. Kh3 Kf5 49. Rb3 Ke4 50. f3+ Kf5 51.
Rb5+ Kg6 52. f4 Ra2 53. Rg5+ Kh6 54. Rg8 Kh7 55. Rc8 Kg6 56. Rc6+ Kg7 57. Kh4
Ra5 58. Re6 1-0

[Event "71 Mistrzostwa KPZSZACH Torun 2018"]
[Site "?"]
[Date "2018.08.15"]
[Round "4"]
[White "Ludwinski, Daniel"]
[Black "Czarkowski, Tomasz"]
[Result "0-1"]
[ECO "C05"]
[WhiteElo "1814"]
[BlackElo "1820"]
[PlyCount "78"]
[TimeControl "240+2"]

{600MB, Shredder10.ctg} 1. e4 e6 2. d4 d5 3. Nd2 Nf6 4. e5 Ne4 5. Bd3 Nxd2 6.
Bxd2 c5 7. c3 Qb6 8. Nf3 c4 9. Bc2 Qxb2 10. O-O Nc6 11. Ng5 h6 12. Rb1 Qxa2 13.
Ra1 Qb2 14. Rb1 Qa3 15. Qh5 Nd8 16. f4 Qe7 17. f5 exf5 18. e6 Nxe6 19. Ba4+ Bd7
20. Rxb7 g6 21. Rxd7 Qxd7 22. Bxd7+ Kxd7 23. Qf3 hxg5 24. Qxd5+ Bd6 25. Rb1
Rab8 26. Rb7+ Rxb7 27. Qxb7+ Nc7 28. Bxg5 Bxh2+ 29. Kf2 f4 30. Bf6 Bg3+ 31. Kf3
Re8 32. Be5 Rxe5 33. dxe5 Be1 34. Qxa7 Bxc3 35. Kxf4 Bd2+ 36. Qe3 Nd5+ 37. Ke4
Bxe3 38. Kf3 c3 39. Ke2 c2 0-1

[Event "71 Mistrzostwa KPZSZACH Torun 2018"]
[Site "?"]
[Date "2018.08.15"]
[Round "4"]
[White "Sivickis, Wiktoria"]
[Black "Szymanski, Jan"]
[Result "1/2-1/2"]
[ECO "E68"]
[WhiteElo "1653"]
[BlackElo "1708"]
[PlyCount "81"]
[TimeControl "240+2"]

{600MB, Shredder10.ctg} 1. e4 g6 2. d4 c6 3. c4 Bg7 4. Nc3 d6 5. g3 Nf6 6. Bg2
O-O 7. Nf3 Nbd7 8. O-O e5 9. dxe5 dxe5 10. Be3 Qc7 11. Qe2 Re8 12. Rfd1 b6 13.
Rac1 Nf8 14. h3 Be6 15. Nd5 Qb8 16. Nxf6+ Bxf6 17. Ng5 Qc7 18. Nxe6 Nxe6 19. c5
Rad8 20. cxb6 axb6 21. Qc2 c5 22. Bf1 Bg5 23. Bb5 Rxd1+ 24. Rxd1 Rd8 25. Rxd8+
Qxd8 26. Qd3 Qxd3 27. Bxd3 Bxe3 28. fxe3 Kf8 29. Kf2 Ke7 30. Ke2 Kd6 31. Kd2 f6
32. Kc3 Ng5 33. h4 Ne6 34. Bb5 Nc7 35. Kc4 h6 36. g4 g5 37. h5 Ne6 38. Ba4 Nc7
39. Bb5 Ne6 40. Ba4 Nc7 41. Bb5 1/2-1/2

[Event "71 Mistrzostwa KPZSZACH Torun 2018"]
[Site "?"]
[Date "2018.08.15"]
[Round "4"]
[White "Muzalewski, Slawomir"]
[Black "Augustowski, Janusz"]
[Result "0-1"]
[ECO "B32"]
[WhiteElo "1442"]
[BlackElo "1778"]
[PlyCount "74"]
[TimeControl "240+2"]

{600MB, Shredder10.ctg} 1. e4 c5 2. Nf3 Nc6 3. d4 cxd4 4. Nxd4 e5 5. Nb3 Nf6 6.
f3 d5 7. exd5 Qxd5 8. Bd2 Bf5 9. Nc3 Qd7 10. a3 a6 11. Rc1 Be7 12. Be2 Rd8 13.
O-O Nd4 14. Be3 O-O 15. Bxd4 exd4 16. Nb1 Qc7 17. Bd3 Be6 18. N1d2 Nd5 19. Qe2
Bg5 20. Qe4 Be3+ 21. Kh1 Nf6 22. Qh4 Rd5 23. g4 h5 24. h3 g5 25. Qe1 Kg7 26. c3
Qf4 27. Be4 dxc3 28. Nc4 Bxc1 29. Qxc3 Rh8 30. Bxd5 Bxd5 31. gxh5 Bxc4 32. Rxc1
Bxb3 33. Kg2 Bd5 34. Re1 Rxh5 35. Re5 Qxf3+ 36. Qxf3 Bxf3+ 37. Kxf3 g4+ 0-1

[Event "71 Mistrzostwa KPZSZACH Torun 2018"]
[Site "?"]
[Date "2018.08.16"]
[Round "5"]
[White "Gawronski, Miroslaw"]
[Black "Zolnierowicz, Krzysztof"]
[Result "1/2-1/2"]
[ECO "D34"]
[WhiteElo "2026"]
[BlackElo "2023"]
[PlyCount "61"]
[TimeControl "240+2"]

{600MB, Shredder10.ctg} 1. d4 d5 2. Nf3 e6 3. c4 c5 4. cxd5 exd5 5. Nc3 Nc6 6.
g3 Nf6 7. Bg2 Be7 8. O-O O-O 9. Bg5 cxd4 10. Nxd4 h6 11. Bf4 Be6 12. e4 Nxd4
13. Qxd4 dxe4 14. Qxd8 Rfxd8 15. Nxe4 Nxe4 16. Bxe4 Bd5 17. Bxd5 Rxd5 18. Rad1
Rad8 19. Rxd5 Rxd5 20. Re1 Bf6 21. b3 h5 22. Re8+ Kh7 23. Rb8 Rd7 24. Kg2 g6
25. h3 a6 26. g4 hxg4 27. hxg4 Bd4 28. Kf3 Kg7 29. Rc8 f6 30. Rc7 Rxc7 31. Bxc7
1/2-1/2

[Event "71 Mistrzostwa KPZSZACH Torun 2018"]
[Site "?"]
[Date "2018.08.16"]
[Round "5"]
[White "Blajet, Radoslaw"]
[Black "Jarzebowski, Kacper"]
[Result "0-1"]
[ECO "C00"]
[WhiteElo "1708"]
[BlackElo "2057"]
[PlyCount "84"]
[TimeControl "240+2"]

{600MB, Shredder10.ctg} 1. e4 c5 2. Nf3 a6 3. d3 e6 4. g3 Nf6 5. Nbd2 d5 6. Bg2
Nc6 7. O-O Be7 8. Re1 O-O 9. e5 Nd7 10. Nf1 f6 11. exf6 Nxf6 12. Bf4 Bd6 13.
Be5 Nxe5 14. Nxe5 Nd7 15. Nxd7 Bxd7 16. Qe2 Qf6 17. c4 Qf7 18. Rad1 Rae8 19.
Rd2 b5 20. b3 Bc7 21. Rc2 Ba5 22. Rd1 bxc4 23. bxc4 Ba4 24. Rdc1 Bxc2 25. Rxc2
d4 26. Be4 Rb8 27. Kg2 Rb1 28. Nd2 Bxd2 29. Rxd2 Rfb8 30. Bf3 R1b6 31. Be4 g6
32. Bf3 a5 33. a4 Qe8 34. Ra2 Qd7 35. Bg4 Qc6+ 36. Bf3 Qd6 37. Bg4 Rf8 38. Bf3
Rb1 39. Qd2 Qb6 40. Qe2 Rf5 41. Bg4 Qc6+ 42. Bf3 Rxf3 0-1

[Event "71 Mistrzostwa KPZSZACH Torun 2018"]
[Site "?"]
[Date "2018.08.16"]
[Round "5"]
[White "Kopaczewski, Adam"]
[Black "Wielosz, Jaroslaw"]
[Result "1/2-1/2"]
[ECO "C54"]
[WhiteElo "1980"]
[BlackElo "2025"]
[PlyCount "113"]
[TimeControl "240+2"]

{600MB, Shredder10.ctg} 1. e4 e5 2. Nf3 Nc6 3. d4 exd4 4. Bc4 Bc5 5. c3 Nf6 6.
cxd4 Bb4+ 7. Bd2 Nxe4 8. Bxb4 Nxb4 9. Bxf7+ Kxf7 10. Qb3+ Kf8 11. Qxb4+ Qe7 12.
Qxe7+ Kxe7 13. Nc3 Nxc3 14. bxc3 d6 15. O-O Be6 16. Nd2 Kd7 17. a4 a5 18. Rab1
b6 19. c4 Bf5 20. Rbc1 Rhe8 21. c5 Bd3 22. Rfd1 Be2 23. Re1 dxc5 24. dxc5 b5
25. axb5 Bxb5 26. Ne4 Kc6 27. Rc3 Rad8 28. f3 Rd3 29. Rec1 Rxc3 30. Rxc3 Rd8
31. Ng5 Rd3 32. Rc1 a4 33. Ne6 a3 34. Ra1 Bc4 35. Nxg7 a2 36. Kf2 Rd2+ 37. Ke3
Rb2 38. Nf5 Rb1 39. Nd4+ Kxc5 40. Nc2 Bb3 41. g4 Rxa1 42. Nxa1 Bd1 43. h3 Kc4
44. Kd2 Bxf3 45. Kc2 Kd4 46. Nb3+ Ke3 47. Kb2 Bd5 48. Nc5 Kf4 49. Nd7 h6 50. h4
c5 51. g5 h5 52. g6 Kg3 53. Nf6 Be6 54. Nxh5+ Kxh4 55. Nf4 Bc4 56. g7 Kg5 57.
Nd3 1/2-1/2

[Event "71 Mistrzostwa KPZSZACH Torun 2018"]
[Site "?"]
[Date "2018.08.16"]
[Round "5"]
[White "Sliwicki, Damian"]
[Black "Czarkowski, Tomasz"]
[Result "1-0"]
[ECO "A13"]
[WhiteElo "2220"]
[BlackElo "1820"]
[PlyCount "101"]
[TimeControl "240+2"]

{600MB, Shredder10.ctg} 1. Nf3 e6 2. b3 Nf6 3. c4 d5 4. e3 Be7 5. Bb2 O-O 6.
Nc3 a6 7. d4 dxc4 8. bxc4 c5 9. Bd3 Nc6 10. O-O cxd4 11. exd4 Bd7 12. Qe2 Re8
13. Rfd1 Qc7 14. Rac1 Rad8 15. Bb1 Qf4 16. h3 Na7 17. Qe3 Qxe3 18. fxe3 b5 19.
c5 Bc6 20. a3 a5 21. Ne5 b4 22. Nxc6 Nxc6 23. Ne2 Rb8 24. a4 Red8 25. e4 Rbc8
26. Kf2 Nd7 27. Kf3 Bg5 28. Rc2 f5 29. exf5 exf5 30. Ba2+ Kf8 31. Bc1 Bf6 32.
Kg3 Rb8 33. Bf4 b3 34. Bxb8 Rxb8 35. Rcd2 bxa2 36. Rxa2 Rb3+ 37. Kh2 Nb4 38.
Raa1 Nxc5 39. dxc5 Bxa1 40. Rxa1 Rb2 41. Nd4 Nc2 42. Rd1 Ne3 43. c6 Rb8 44. Re1
Nc4 45. Nxf5 Rc8 46. Nd4 Nb6 47. c7 Nxa4 48. Nb5 Nb6 49. Nd6 Ra8 50. Rb1 Nc8
51. Nxc8 1-0

[Event "71 Mistrzostwa KPZSZACH Torun 2018"]
[Site "?"]
[Date "2018.08.16"]
[Round "5"]
[White "Augustowski, Janusz"]
[Black "Zielinski, Olgierd"]
[Result "1-0"]
[ECO "E67"]
[WhiteElo "1778"]
[BlackElo "1867"]
[PlyCount "101"]
[TimeControl "240+2"]

{600MB, Shredder10.ctg} 1. d4 Nf6 2. Nf3 g6
3. g3 Bg7 4. Bg2 O-O 5. O-O d6 6. c4 Re8 7. Nc3 Nbd7 8. e4 e5 9. dxe5 dxe5 10.
Qc2 c6 11. Rd1 Qc7 12. b3 Nf8 13. Ba3 Bg4 14. Bd6 Qc8 15. Rd3 Bxf3 16. Bxf3 Qe6
17. Rad1 h5 18. Na4 b6 19. Ba3 N8h7 20. Qd2 Bf8 21. Bxf8 Rxf8 22. Rd6 Qc8 23.
Bg2 Kg7 24. Nc3 Re8 25. f4 Qc7 26. fxe5 Rxe5 27. Qd4 Rae8 28. Bh3 Ng5 29. Bg2
R8e6 30. Rxe6 Nxe6 31. Qd6 Ne8 32. Qxc7 N6xc7 33. Rd7 Kf8 34. Kf2 Re7 35. Rd8
Ne6 36. Ra8 Rc7 37. e5 Ke7 38. Ne4 f5 39. exf6+ Nxf6 40. Nxf6 Kxf6 41. Re8 Kf7
42. Rh8 Kf6 43. h4 Kf7 44. Rh7+ Ng7 45. Be4 Kf6 46. Rh6 Nf5 47. Rh8 Ne7 48. Ke3
Kg7 49. Rd8 Kf7 50. Kf4 Kf6 51. Rd6+ {time} 1-0

[Event "71 Mistrzostwa KPZSZACH Torun 2018"]
[Site "?"]
[Date "2018.08.16"]
[Round "5"]
[White "Cichocki, Konrad"]
[Black "Sivickis, Wiktoria"]
[Result "1-0"]
[ECO "D78"]
[WhiteElo "1829"]
[BlackElo "1653"]
[PlyCount "145"]
[TimeControl "240+2"]

{600MB, Shredder10.ctg} 1. Nf3 d5 2. d4 c6 3. g3 Nf6 4. Bg2 g6 5. O-O Bg7 6. c4
e6 7. Nc3 O-O 8. Qc2 Nbd7 9. Rd1 b6 10. b3 Bb7 11. Ba3 Re8 12. Rac1 Rc8 13. Qd2
c5 14. cxd5 exd5 15. dxc5 Nxc5 16. Nb5 Nfe4 17. Qe1 Ba6 18. Nbd4 Bh6 19. Rc2
Nxf2 20. Kxf2 Nd3+ 21. exd3 Rxe1 22. Rxe1 Rxc2+ 23. Nxc2 Bxd3 24. Ncd4 Be4 25. Bc1
Bxc1 26. Rxc1 Qe7 27. a4 Qa3 28. Rd1 f5 29. h4 h6 30. Bf1 Qb2+ 31. Be2 Qc3 32.
Ne1 g5 33. hxg5 hxg5 34. Ng2 a5 35. Ne1 f4 36. gxf4 gxf4 37. Nef3 Qe3+ 38. Kg2
Bxf3+ 39. Bxf3 Qe5 40. Kf1 Qg5 41. Ne2 Qf5 42. Bxd5+ Kg7 43. Ng1 Qg4 44. Rd2
Qc8 45. Nf3 Qh3+ 46. Ke2 Qg2+ 47. Kd3 Qg6+ 48. Kd4 Qf6+ 49. Ke4 Qe7+ 50. Kxf4
Qf6+ 51. Ke3 Qc3+ 52. Ke4 Qb4+ 53. Rd4 Qe7+ 54. Kd3 Qd7 55. Be4 Qh3 56. Rd5
Qf1+ 57. Kd4 Qe1 58. Kc4 Qf1+ 59. Rd3 Qc1+ 60. Kb5 Qc5+ 61. Ka6 Qc8+ 62. Kxb6
Qe6+ 63. Bc6 Qf6 64. Rd5 Qc3 65. Rb5 Qe3+ 66. Kxa5 Qc3+ 67. Kb6 Qe3+ 68. Ka6
Qe6 69. Ne5 Qc8+ 70. Ka7 Qd8 71. a5 Kf6 72. Nd7+ Ke7 73. Kb7 1-0

[Event "71 Mistrzostwa KPZSZACH Torun 2018"]
[Site "?"]
[Date "2018.08.16"]
[Round "5"]
[White "Szymanski, Jan"]
[Black "Ludwinski, Daniel"]
[Result "1/2-1/2"]
[ECO "B34"]
[WhiteElo "1708"]
[BlackElo "1814"]
[PlyCount "143"]
[TimeControl "240+2"]

{600MB, Shredder10.ctg} 1. e4 c5 2. Nf3 g6 3. d4 cxd4 4. Nxd4 Nf6 5. Nc3 Nc6 6.
Nxc6 bxc6 7. e5 Ng8 8. Bc4 d5 9. exd6 Qxd6 10. Qf3 Nf6 11. O-O Bg7 12. h3 O-O
13. Rd1 Qc5 14. Bb3 Bb7 15. Be3 Qa5 16. Ne4 Nxe4 17. Qxe4 Bxb2 18. Rab1 Bf6 19.
g4 Rfd8 20. Rxd8+ Rxd8 21. Qf3 g5 22. h4 h6 23. Qf5 Qxf5 24. gxf5 Bc8 25. hxg5
hxg5 26. Bxa7 Bxf5 27. a4 Be4 28. Be3 Kg7 29. Kf1 Bf3 30. Bc4 Rh8 31. Ke1 Rh1+
32. Bf1 Bd5 33. f3 Bc4 34. Kf2 Bxf1 35. Rxf1 Rh2+ 36. Kg3 Rxc2 37. a5 Ra2 38.
Bb6 Be5+ 39. Kg4 Kg6 40. f4 Bxf4 41. Kf3 Bd2 42. Bd8 Bxa5 43. Bxe7 Rc2 44. Rd1
Kf5 45. Rd7 Rc3+ 46. Ke2 g4 47. Bh4 Rh3 48. Rxf7+ Kg6 49. Rf6+ Kg7 50. Rf5 Rxh4
51. Rxa5 Rh6 52. Kf2 Kf6 53. Rc5 Ke7 54. Rg5 Kd6 55. Ke3 Rh3+ 56. Kd4 g3 57.
Rg6+ Kc7 58. Kc5 Rh5+ 59. Kc4 Kb6 60. Rxg3 Rh4+ 61. Kc3 Kb5 62. Rf3 c5 63. Rg3
Ra4 64. Rg8 Ra3+ 65. Kc2 Kb4 66. Rb8+ Kc4 67. Rd8 Ra2+ 68. Kb1 Rh2 69. Rc8 Kb3
70. Rxc5 Rh1+ 71. Rc1 Rxc1+ 72. Kxc1 1/2-1/2

[Event "71 Mistrzostwa KPZSZACH Torun 2018"]
[Site "?"]
[Date "2018.08.16"]
[Round "5"]
[White "Bartosik, Piotr"]
[Black "Muzalewski, Slawomir"]
[Result "0-1"]
[ECO "C30"]
[WhiteElo "1899"]
[BlackElo "1442"]
[PlyCount "98"]
[TimeControl "240+2"]

{600MB, Shredder10.ctg} 1. e4 e5 2. Nc3 Bc5 3. Bc4 Nf6 4. f4 d6 5. Nf3 Nc6 6.
f5 h6 7. d3 Na5 8. a3 Nxc4 9. dxc4 Ng4 10. Qe2 Bf2+ 11. Kd1 Bb6 12. Rf1 c6 13.
h3 Nf6 14. g4 Bd7 15. Qd3 Qc7 16. b4 a5 17. Bb2 axb4 18. axb4 Rxa1+ 19. Bxa1
O-O 20. Ke2 Rd8 21. Rd1 Bc8 22. Na4 Rd7 23. Bb2 Ba7 24. Ra1 b5 25. cxb5 cxb5
26. Nc3 Qb6 27. Nxb5 Ba6 28. Ra5 Nxe4 29. Qxe4 Bxb5+ 30. Kd1 Bc6 31. Qd3 Qxb4
32. Bc3 Qf4 33. Ne1 e4 34. Qc4 Bc5 35. Qa6 Bb7 36. Qb5 Re7 37. Ra4 Qe3 38. Qa5
Bb6 39. Qb4 Bc5 40. Qc4 Qxh3 41. Qb5 Qxg4+ 42. Kc1 Qxf5 43. Qa5 Be3+ 44. Kb2
Qxa5 45. Rxa5 d5 46. Bb4 Rd7 47. Ng2 Bf2 48. Nf4 e3 49. Kc3 Be1+ 0-1

[Event "71 Mistrzostwa KPZSZACH Torun 2018"]
[Site "?"]
[Date "2018.08.17"]
[Round "6"]
[White "Wielosz, Jaroslaw"]
[Black "Gawronski, Miroslaw"]
[Result "1/2-1/2"]
[ECO "A34"]
[WhiteElo "2025"]
[BlackElo "2026"]
[PlyCount "116"]
[TimeControl "240+2"]

{600MB, Shredder10.ctg} 1. c4 c5 2. Nf3 b6 3. g3 Bb7 4. Bg2 Nc6 5. Nc3 Nf6 6.
O-O Rc8 7. b3 g6 8. Bb2 Bg7 9. Ne4 O-O 10. Nxf6+ exf6 11. d4 d6 12. e3 Re8 13.
Qd2 Qe7 14. Rfe1 Rcd8 15. Rad1 a5 16. Qc2 Nb4 17. Qd2 Nxa2 18. d5 Nb4 19. h4
Bc8 20. Nh2 Bd7 21. Bc3 Qf8 22. Bf3 f5 23. Ra1 Bxc3 24. Qxc3 Qg7 25. Qd2 Ra8
26. Ra3 Ra6 27. Rea1 Rea8 28. Bd1 h6 29. Nf3 Qf6 30. Kg2 Kg7 31. Be2 a4 32.
bxa4 Rxa4 33. Rxa4 Rxa4 34. Rxa4 Bxa4 35. h5 Qa1 36. hxg6 fxg6 37. Nd4 Bd7 38.
g4 fxg4 39. Ne6+ Bxe6 40. dxe6 Qe5 41. Bxg4 h5 42. Bh3 g5 43. f4 Qe4+ 44. Kh2
g4 45. Qxd6 Qf5 46. Bg2 Qf6 47. Kg3 h4+ 48. Kxg4 Qg6+ 49. Kxh4 Qxg2 50. Qe7+
Kh8 51. Qf8+ Kh7 52. e7 Qh2+ 53. Kg4 Qg2+ 54. Kh4 Qh2+ 55. Kg5 Qg3+ 56. Kh5
Qh3+ 57. Kg5 Qg3+ 58. Kh5 Qh3+ 1/2-1/2

[Event "71 Mistrzostwa KPZSZACH Torun 2018"]
[Site "?"]
[Date "2018.08.17"]
[Round "6"]
[White "Zolnierowicz, Krzysztof"]
[Black "Jarzebowski, Kacper"]
[Result "1-0"]
[ECO "B41"]
[WhiteElo "2023"]
[BlackElo "2057"]
[PlyCount "69"]
[TimeControl "240+2"]

{600MB, Shredder10.ctg} 1. e4 c5 2. Nf3 a6 3. c4 d6 4. d4 Nf6 5. Nc3 cxd4 6.
Nxd4 e6 7. Be2 Be7 8. O-O Nbd7 9. f4 Qc7 10. Be3 b6 11. Rc1 Bb7 12. Bf3 Rc8 13.
f5 e5 14. Nd5 Qb8 15. Ne6 fxe6 16. fxe6 Nc5 17. Bh5+ Kd8 18. b4 Bxd5 19. exd5
Nce4 20. Bf3 h6 21. Bxe4 Nxe4 22. Qg4 Nf6 23. Qxg7 Rg8 24. Qxh6 Ng4 25. Qh7 Re8
26. Bg5 Rc7 27. Bxe7+ Rcxe7 28. Qg6 Nxh2 29. Kxh2 Rh8+ 30. Kg1 Qa7 31. Qf6 Rg8
32. Rf2 Ke8 33. Rcf1 Kd8 34. Qh4 b5 35. c5 1-0

[Event "71 Mistrzostwa KPZSZACH Torun 2018"]
[Site "?"]
[Date "2018.08.17"]
[Round "6"]
[White "Sliwicki, Damian"]
[Black "Kopaczewski, Adam"]
[Result "1-0"]
[ECO "A25"]
[WhiteElo "2220"]
[BlackElo "1980"]
[PlyCount "105"]
[TimeControl "240+2"]

{600MB, Shredder10.ctg} 1. c4 e5 2. Nc3 Nc6 3. g3 f5 4. Bg2 Nf6 5. d3 Bb4 6.
Bd2 d6 7. Nd5 Bxd2+ 8. Qxd2 Be6 9. e3 O-O 10. Ne2 Rb8 11. O-O Ne7 12. Qa5 Nfxd5
13. cxd5 Bf7 14. Rac1 c6 15. Qxd8 Rfxd8 16. dxc6 bxc6 17. b3 Rdc8 18. e4 d5 19.
Rc5 Rb5 20. Rfc1 Bh5 21. Rxb5 cxb5 22. Rxc8+ Nxc8 23. Nc3 fxe4 24. dxe4 d4 25.
Nxb5 Be2 26. Na3 Nd6 27. f3 d3 28. Kf2 g5 29. Ke3 Kf7 30. Nc4 Nxc4+ 31. bxc4
Ke6 32. c5 Kd7 33. Bh3+ Kc6 34. Bc8 Kxc5 35. Ba6 Bxf3 36. Kxf3 Kd4 37. Bb5 g4+
38. Kf2 Kxe4 39. Bd7 Kd4 40. Bxg4 e4 41. h4 e3+ 42. Ke1 Ke4 43. a4 a5 44. Kd1
Ke5 45. Bd7 Ke4 46. Bc6+ Kf5 47. Bb5 Ke4 48. g4 d2 49. g5 Kd4
50. h5 Ke5 51. g6 hxg6 52. hxg6 Kf6 53. Bd3 1-0

[Event "71 Mistrzostwa KPZSZACH Torun 2018"]
[Site "?"]
[Date "2018.08.17"]
[Round "6"]
[White "Cichocki, Konrad"]
[Black "Augustowski, Janusz"]
[Result "1-0"]
[ECO "E91"]
[WhiteElo "1829"]
[BlackElo "1778"]
[PlyCount "51"]
[TimeControl "240+2"]

{600MB, Shredder10.ctg} 1. d4 Nf6 2. Nf3 g6 3. c4 c5 4. Nc3 Bg7 5. e4 O-O 6.
Be2 d6 7. O-O Nbd7 8. Qc2 a6 9. Bg5 h6 10. Bh4 g5 11. e5 cxd4 12. exf6 Bxf6 13.
Ne4 gxh4 14. Nxf6+ Nxf6 15. Nxd4 Qa5 16. a4 Qe5 17. Nf3 Qf4 18. Rad1 h3 19. Rd4
Qf5 20. Bd3 Qh5 21. Rh4 hxg2 22. Kxg2 Qa5 23. Rg1 h5 24. Kf1+ Kh8 25. Qc1 Bf5
26. Rxh5+ 1-0

[Event "71 Mistrzostwa KPZSZACH Torun 2018"]
[Site "?"]
[Date "2018.08.17"]
[Round "6"]
[White "Ludwinski, Daniel"]
[Black "Blajet, Radoslaw"]
[Result "1-0"]
[ECO "B07"]
[WhiteElo "1814"]
[BlackElo "1708"]
[PlyCount "129"]
[TimeControl "240+2"]

{600MB, Shredder10.ctg} 1. e4 d6 2. Nc3 Nf6 3. Bc4 c6 4. a4 Nxe4 5. Bxf7+ Kxf7
6. Nxe4 e5 7. Qf3+ Ke8 8. d4 Be7 9. dxe5 Qa5+ 10. Bd2 Qxe5 11. Bc3 Qf5 12. Qe2
Be6 13. Nf3 Kf7 14. Nd4 Qg4 15. f3 Qg6 16. O-O-O Re8 17. Nxe6 Qxe6 18. Rxd6 Qa2
19. Rdd1 Na6 20. Kd2 Nc5 21. Ke3 Bg5+ 22. Kf2 Nxe4+ 23. fxe4 Qe6 24. Qh5+ Qg6
25. Rd7+ Re7 26. Qxg6+ Kxg6 27. Rxe7 Bxe7 28. Rd1 Rf8+ 29. Ke2 Rd8 30. Rxd8
Bxd8 31. Ke3 Kf7 32. Kf4 g6 33. h3 Ke6 34. Bd4 b6 35. b4 b5 36. axb5 cxb5 37.
Bxa7 Bf6 38. Ke3 Bc3 39. Bc5 Ke5 40. Kd3 Be1 41. Ba7 Bxb4 42. Bb8+ Ke6 43. Kd4
Be7 44. c3 h5 45. Bc7 g5 46. Ba5 g4 47. hxg4 hxg4 48. Bb4 Bf6+ 49. Ke3 Bg5+ 50.
Kd4 Bf6+ 51. Ke3 Bg5+ 52. Kd4 Bf6+ 53. Kc5 Ke5 54. c4 Kxe4 55. cxb5 Ke3 56. Kc6
Bd4 57. Bc5 Bxc5 58. Kxc5 Kf2 59. b6 Kxg2 60. b7 g3 61. b8=Q Kh1 62. Qh8+ Kg1
63. Qd4+ Kf1 64. Qf4+ Kg2 65. Kd4 1-0

[Event "71 Mistrzostwa KPZSZACH Torun 2018"]
[Site "?"]
[Date "2018.08.17"]
[Round "6"]
[White "Czarkowski, Tomasz"]
[Black "Bartosik, Piotr"]
[Result "0-1"]
[ECO "A48"]
[WhiteElo "1820"]
[BlackElo "1899"]
[PlyCount "54"]
[TimeControl "240+2"]

{600MB, Shredder10.ctg} 1. d4 Nf6 2. Nf3 g6 3. Bf4 Bg7 4. h3 d6 5. e3 O-O 6.
Be2 b6 7. O-O Bb7 8. Nbd2 Nbd7 9. c3 h6 10. Nb3 Nh5 11. Bh2 f5 12. Nh4 Qe8 13.
Nxf5 Rxf5 14. g4 Rf8 15. gxh5 Nf6 16. hxg6 Qxg6+ 17. Bg3 Qe4 18. f3 Qxe3+ 19.
Kh2 Nh5 20. Qd2 Qe6 21. Qe1 Bc8 22. Bc4 Qxc4 23. Rg1 Qe6 24. Qxe6+ Bxe6 25. Bh4
Rxf3 26. Rae1 Rxh3+ 27. Kg2 Rxh4 0-1

[Event "71 Mistrzostwa KPZSZACH Torun 2018"]
[Site "?"]
[Date "2018.08.17"]
[Round "6"]
[White "Muzalewski, Slawomir"]
[Black "Szymanski, Jan"]
[Result "0-1"]
[ECO "C24"]
[WhiteElo "1442"]
[BlackElo "1708"]
[PlyCount "133"]
[TimeControl "240+2"]

{600MB, Shredder10.ctg} 1. e4 e5 2. Bc4 Nf6 3. f4 d5 4. exd5 Nxd5 5. Qh5 Be6 6.
d3 Nc6 7. Ne2 g6 8. Qf3 Bg7 9. O-O O-O 10. a3 exf4 11. Bxd5 Bxd5 12. Qxf4 f5
13. Nbc3 Bf7 14. Bd2 Qd7 15. Rae1 Rae8 16. Qh4 Nd4 17. Nxd4 Qxd4+ 18. Qxd4
Bxd4+ 19. Kh1 c6 20. Bh6 Rxe1 21. Rxe1 Re8 22. Rxe8+ Bxe8 23. Bd2 b5 24. b4 Kf7
25. g3 c5 26. h4 Bc6+ 27. Kh2 cxb4 28. Ne2 b3 29. cxb3 Bb2 30. Bb4 Bf3 31. Nc3
a6 32. Kg1 Ke6 33. Kf2 Bd5 34. Nxd5 Kxd5 35. a4 Be5 36. Ba3 Bc7 37. axb5 axb5
38. Bb2 Bb6+ 39. Kf3 Kc5 40. Bc3 Kd5 41. Kf4 Bc7+ 42. Kf3 Bd6 43. d4 b4 44. Bb2
Be7 45. Kf4 Bf6 46. Ke3 h6 47. Ba1 f4+ 48. gxf4 Bxh4 49. f5 gxf5 50. Kf4 Bf6
51. Bb2 Bxd4 52. Bc1 Ke6 53. Bd2 Bc3 54. Be3 Be5+ 55. Kf3 h5 56. Bc5 Bd6 57.
Bd4 h4 58. Kg2 Be7 59. Kf3 Kd5 60. Bf2 h3 61. Be3 h2 62. Kg2 Bd6 63. Bf2 Ke4
64. Be1 Kd3 65. Bf2 Kc2 66. Be1 Kxb3 67. Bxb4 0-1

[Event "71 Mistrzostwa KPZSZACH Torun 2018"]
[Site "?"]
[Date "2018.08.17"]
[Round "6"]
[White "Zielinski, Olgierd"]
[Black "Sivickis, Wiktoria"]
[Result "1-0"]
[ECO "B01"]
[WhiteElo "1867"]
[BlackElo "1653"]
[PlyCount "97"]
[TimeControl "240+2"]

{600MB, Shredder10.ctg} 1. e4 d5 2. exd5 Qxd5 3. Nc3 Qa5 4. Bc4 Nf6 5. Nge2 e5
6. O-O Bg4 7. d4 exd4 8. Qxd4 Nc6 9. Qe3+ Qe5 10. Bb5 Qxe3 11. Bxe3 O-O-O 12.
Bxc6 bxc6 13. f3 Be6 14. Rfd1 Bb4 15. Bxa7 Bc4 16. a3 Bxe2 17. Nxe2 Ba5 18. Bd4
Bb6 19. Kf1 Bxd4 20. Rxd4 Nd5 21. Kf2 Nb6 22. Rxd8+ Rxd8 23. b3 Rd2 24. Rc1 c5
25. Ke1 Rd6 26. Rd1 Kb7 27. Nc3 Kc6 28. a4 f5 29. Rxd6+ cxd6 30. Ke2 d5 31. Kd3
g5 32. Ne2 Nd7 33. f4 h6 34. Ng3 gxf4 35. Nxf5 Ne5+ 36. Ke2 h5 37. h3 c4 38. b4
Kb6 39. Ne7 d4 40. Nd5+ Kc6 41. Nxf4 h4 42. Kd2 Kd6 43. Ne2 Kd5 44. Ng1 Nc6 45.
c3 d3 46. Nf3 Ne5 47. Nxh4 Nd7 48. Nf5 Nf6 49. Ne3+ 1-0

[Event "71 Mistrzostwa KPZSZACH Torun 2018"]
[Site "?"]
[Date "2018.08.18"]
[Round "7"]
[White "Gawronski, Miroslaw"]
[Black "Sliwicki, Damian"]
[Result "1-0"]
[ECO "A46"]
[WhiteElo "2026"]
[BlackElo "2220"]
[PlyCount "71"]
[TimeControl "240+2"]

{600MB, Shredder10.ctg} 1. d4 Nf6 2. Nf3 b5 3. a4 b4 4. c4 e6 5. Bf4 Be7 6. h3
O-O 7. e3 Bb7 8. Nbd2 a5 9. Bd3 c5 10. Qe2 d6 11. O-O Nbd7 12. Rad1 Re8 13. Bh2
Bf8 14. Rfe1 cxd4 15. exd4 Qb6 16. b3 e5 17. c5 Qa7 18. dxe5 Nxe5 19. Nxe5 dxe5
20. Bb5 Bxc5 21. Bxe8 Rxe8 22. Bg3 g6 23. Qb5 e4 24. Nc4 Ra8 25. Nxa5 Ba6 26.
Qc6 Nh5 27. Rd7 Rc8 28. Rxa7 Rxc6 29. Nxc6 Bd3 30. Ra8+ Kg7 31. Be5+ f6 32. Bd4
Bd6 33. Ra7+ Kh6 34. Rd7 Bf4 35. Be3 g5 36. Nxb4 1-0